 Dungeon Crawl Stone Soup version 0.18-a0-1197-g8004e50 (webtiles) character file.

809 Foomius the Ducker (level 7, -5/47 HPs)
             Began as an Octopode Venom Mage on Jan 30, 2016.
             Slain by an ice beast (14 damage)
             ... on level 5 of the Dungeon.
             The game lasted 00:29:58 (6777 turns).

Foomius the Ducker (Octopode Venom Mage)            Turns: 6777, Time: 00:29:58

Health: -5/47      AC:  1    Str:  8    XL:     7   Next: 92%
Magic:  10/10      EV: 15    Int: 19    God:
Gold:   205        SH:  0    Dex: 12    Spells: 3 memorised, 4 levels left

rFire  . . .     SeeInvis +     C - +0 quarterstaff
rCold  . . .     Gourm    .     (shield currently unavailable)
rNeg   . . .     Faith    .     e - +0 hat
rPois  .         Spirit   .     (no amulet)
rElec  .         Dismiss  .     o - ring of see invisible
rCorr  .         Reflect  .     (no ring)
SustAt .         Harm     .     (no ring)
MR     .....                    (no ring)
Stlth  +++.......               (no ring)
                                (no ring)
                                (no ring)
                                (no ring)

@: not resistant to hostile enchantments, fairly stealthy
A: almost no armour, amphibious, 8 rings, constrict 8, camouflage 1, gelatinous
body 1
a: no special abilities


You were on level 5 of the Dungeon.
You were not hungry.

You visited 1 branch of the dungeon, and saw 5 of its levels.

You collected 205 gold pieces.

Inventory:

Hand Weapons
 a - a +1 flail of draining
 b - a +0 hunting sling
 q - a +0 whip
 C - a +0 quarterstaff (weapon)
Missiles
 f - 153 stones (quivered)
Armour
 e - a +0 hat (worn)
Jewellery
 o - a ring of see invisible (left tentacle)
 y - a +5 ring of evasion {unknown}
Wands
 t - a wand of fireball (0/15)
Scrolls
 h - 2 scrolls of teleportation
 j - 2 scrolls of identify
 k - a scroll of fog {unknown}
 p - a scroll of amnesia {unknown}
 s - a scroll of noise {unknown}
 u - a scroll of magic mapping {unknown}
 w - a scroll of immolation {unknown}
 B - a scroll of recharging {unknown}
Potions
 d - a potion of lignification {unknown}
 g - 2 potions of invisibility
 l - 5 potions of brilliance {unknown}
 n - a potion of agility {unknown}
 r - a potion of flight {unknown}
 v - a potion of might {unknown}
 z - 2 potions of mutation
 A - a potion of cure mutation {unknown}
Books
 i - a Young Poisoner's Handbook

   Spells                             Type                      Level
   a - Sting                          Conjuration/Poison           1
   b - Cure Poison                    Poison                       2
   c - Mephitic Cloud                 Conjuration/Poison/Air       3
   d - Olgreb's Toxic Radiance        Poison                       4
   e - Venom Bolt                     Conjuration/Poison           5
Comestibles
 c - a beef jerky
 m - 3 bread rations
 x - 4 slices of pizza
 D - 2 fruits
 E - 2 chunks of flesh
 F - a meat ration


   Skills:
 + Level 3.8 Fighting
 - Level 6.3 Dodging
 - Level 2.6 Stealth
 - Level 2.0 Spellcasting
 - Level 4.0 Conjurations
 - Level 5.0 Poison Magic


You had 4 spell levels left.
You knew the following spells:

 Your Spells              Type           Power        Failure   Level  Hunger
a - Sting                 Conj/Pois      ###.         2%          1    #......
b - Cure Poison           Pois           ###.......   3%          2    ###....
c - Mephitic Cloud        Conj/Pois/Air  ##......     14%         3    ###....


Dungeon Overview and Level Annotations

Branches:
Dungeon (5/15)
 Temple: D:4-7

Altars:
The Shining One

Annotations:
D:3 Duffy's ghost, amateur DrTm
D:4 Grinder
D:5 1 runed door, Eustachio


Innate Abilities, Weirdness & Mutations

You cannot wear most types of armour.
You are amphibious.
You can wear up to eight rings at the same time.
You can use your tentacles to constrict eight enemies at once.
Your skin changes colour to match your surroundings (Stealth).
Your rubbery body absorbs attacks (AC +1).


Message History

You closely miss the ice beast.
The ice beast is heavily wounded.
The ice beast barely misses you.
You hit the ice beast but do no damage.
The ice beast is heavily wounded.
The ice beast hits you. The ice beast freezes you!
You hit the ice beast.
The ice beast is severely wounded.
The ice beast barely misses you. The ice beast hits you.
The ice beast freezes you!
You closely miss the ice beast.
The ice beast is severely wounded.
The ice beast hits you. The ice beast freezes you.
* * * LOW HITPOINT WARNING * * *
You hit the ice beast.
The ice beast is severely wounded.
The ice beast hits you.
* * * LOW HITPOINT WARNING * * *
The ice beast freezes you!
You die...

#.#........#.#
######.#.######.#+########
#....#.#.#................
######.##.#.#.#.###............
#....#.##.#.#.#.# #............
#.##.#.##.#.#.#.# #.[.###......
#.##.#.##.#.#.#.###..##>##..###
#.##.#.##.#.#.#.##..###.###..##
#>............@....###+.####...
#.##(#.#..#.#Y#.#..#A.._..A#.##
###.##.#.#.##.#.#.#..####.####.#
.....#ยง#.#......#.....###.###..#
###..#.#.#........###..##A##...##
#..#.#.##.............###......
##......Y.......................
#....W#.....##.#................
#.#Y#######.##.################.


You could see an angel and an ice beast.

Vanquished Creatures
  Edmund (D:4)
  A giant frog (D:5)
  A scorpion (D:5)
  A jelly (D:5)
  3 hounds
  2 orc wizards (D:3)
  An iguana (D:3)
  6 worker ants
  2 hound skeletons (D:4)
  9 adders
  A shadow imp (D:5)
  A worm (D:4)
  4 giant geckos
  11 orcs
  A ball python (D:3)
  7 giant cockroaches
  10 goblins
  16 hobgoblins
  7 jackals
  A quokka (D:3)
  9 bats
  A giant gecko skeleton (D:4)
  9 giant newts
  10 kobolds
  8 rats
123 creatures vanquished.

Notes
Turn   | Place    | Note
--------------------------------------------------------------
     0 | D:1      | Foomius the Octopode Venom Mage began the quest for the Orb.
     0 | D:1      | Reached XP level 1. HP: 11/11 MP: 3/3
    48 | D:1      | Reached skill level 5 in Poison Magic
   201 | D:1      | Reached skill level 1 in Conjurations
   213 | D:1      | Reached XP level 2. HP: 17/17 MP: 3/5
   217 | D:1      | Learned a level 2 spell: Cure Poison
   639 | D:1      | Reached XP level 3. HP: 21/21 MP: 4/6
   644 | D:1      | Learned a level 3 spell: Mephitic Cloud
  1693 | D:2      | Reached XP level 4. HP: 27/27 MP: 4/7
  2467 | D:3      | Reached XP level 5. HP: 31/31 MP: 6/8
  2790 | D:3      | You fall through a shaft for 2 floors!
  2790 | D:5      | Entered Level 5 of the Dungeon
  2793 | D:5      | Found a glowing golden altar of the Shining One.
  2794 | D:5      | Found a runed door.
  2794 | D:5      | Noticed an angel
  2942 | D:5      | Noticed Eustachio
  3298 | D:5      | Reached XP level 6. HP: 36/36 MP: 6/9
  3505 | D:5      | Noticed an ice beast
  3889 | D:5      | Noticed a phantom
  3935 | D:5      | Reached skill level 5 in Dodging
  4182 | D:3      | Noticed Duffy's ghost (amateur DrTm)
  4257 | D:3      | Found a faded altar to an unknown god.
  5125 | D:4      | Noticed Edmund
  5311 | D:4      | Killed Edmund
  5311 | D:4      | Reached skill level 6 in Dodging
  5311 | D:4      | Reached XP level 7. HP: 41/41 MP: 0/10
  5504 | D:4      | Reached skill level 1 in Fighting
  5691 | D:4      | Noticed Grinder
  6777 | D:5      | Slain by an ice beast

Vault maps used:
D:1:      lightli_arrival_maybe_door_vault
D:3:      ecumenical_altar_1
D:4:      uniq_grinder, uniq_edmund
D:5:      lemuel_doored_altar, first_bread, lemuel_angel_altar, uniq_eustachio

Action                   |  1- 3 |  4- 6 |  7- 9 || total
-------------------------+-------+-------+-------++-------
Melee: Whip              |     2 |       |       ||     2
       Short sword       |     1 |    22 |       ||    23
       Quarterstaff      |       |       |    20 ||    20
       Flail             |       |       |     6 ||     6
 Fire: Hunting sling     |     2 |    10 |     8 ||    20
Throw: Stone             |       |     2 |       ||     2
 Cast: Sting             |    66 |   147 |    51 ||   264
       Cure Poison       |     1 |     1 |     1 ||     3
       Mephitic Cloud    |       |     3 |       ||     3
Evoke: Wand              |       |     2 |       ||     2
  Use: Scroll            |       |     4 |       ||     4
  Eat: Chunk             |     3 |    11 |     5 ||    19
       Fruit             |       |     3 |       ||     3
